[ PARTIDA AOE2 · #476317039 ]
UnrankedBereberes vs Ethiopians
[ ANÁLISIS DE REPETICIÓN · EXTRAÍDO DE LA PARTIDA GRABADA ]
Feudal
—
Castillos
—
Imperial
—
| APM promedio | 81.2 |
| APM pico | 84 |
| eAPM promedio | 21.5 |
| Aldeanos / militares | 11 / 0 |
Foco
⚔️ 14.6% · 🌾 85.4%
Feudal
—
Castillos
—
Imperial
—
| APM promedio | 28.6 |
| APM pico | 54 |
| eAPM promedio | 13.7 |
| Aldeanos / militares | 5 / 0 |
Foco
⚔️ 0.0% · 🌾 100.0%
Feudal
—
Castillos
—
Imperial
—
| APM promedio | 37.3 |
| APM pico | 68 |
| eAPM promedio | 20.7 |
| Aldeanos / militares | 8 / 0 |
Foco
⚔️ 21.4% · 🌾 78.6%
Feudal
—
Castillos
—
Imperial
—
| APM promedio | 18.6 |
| APM pico | 28 |
| eAPM promedio | 13.3 |
| Aldeanos / militares | 10 / 0 |
Foco
⚔️ 0.0% · 🌾 100.0%
Feudal
—
Castillos
—
Imperial
—
| APM promedio | 8.7 |
| APM pico | 12 |
| eAPM promedio | 8.7 |
| Aldeanos / militares | 2 / 0 |
Foco
⚔️ 33.3% · 🌾 66.7%
Feudal
—
Castillos
—
Imperial
—
| APM promedio | 31.1 |
| APM pico | 59 |
| eAPM promedio | 11.6 |
| Aldeanos / militares | 10 / 0 |
Foco
⚔️ 20.8% · 🌾 79.2%
Feudal
—
Castillos
—
Imperial
—
| APM promedio | 31.1 |
| APM pico | 59 |
| eAPM promedio | 13.7 |
| Aldeanos / militares | 10 / 0 |
Foco
⚔️ 15.4% · 🌾 84.6%
Feudal
—
Castillos
—
Imperial
—
| APM promedio | 51.4 |
| APM pico | 58 |
| eAPM promedio | 19.9 |
| Aldeanos / militares | 15 / 0 |
Foco
⚔️ 17.1% · 🌾 82.9%
Mapa de la partida
Recursos iniciales + cada clic de construcción. Líneas = muros · curvas = relieve. ◆ oro · ⬟ piedra · ● bayas · ✦ reliquia · ◌ hueco del cierre
Tu base
Base de Schlechter Spieler
Base de LeFab
Base de AHMED AZAB
Base de CTM | KLIN
Base de Abdelrhman
Base de Axila, el Turro
Base de Watermelon
Terreno inicial suavizado · ◌ = hueco del cierre detectado · pasá el cursor para detalles
Inputs por minuto
— Azab - - Schlechter Spieler
Build order — Azab
15 acciones detectadas en el replay
| 0:02 | Crear | Villager (Male) |
| 0:02 | Crear | Villager (Male) |
| 0:03 | Crear | Villager (Male) |
| 0:04 | Investigar | Loom |
| 0:22 | Crear | Villager (Male) |
| 0:22 | Crear | Villager (Male) |
| 0:37 | Construir | House |
| 1:01 | Crear | Villager (Male) |
| 1:01 | Crear | Villager (Male) |
| 1:05 | Construir | House |
| 1:43 | Crear | Villager (Male) |
| 1:44 | Crear | Villager (Male) |
| 2:11 | Construir | Lumber Camp |
| 2:20 | Crear | Villager (Male) |
| 2:20 | Crear | Villager (Male) |
Build order — Schlechter Spieler
9 acciones detectadas en el replay
| 0:05 | Construir | House |
| 0:07 | Construir | House |
| 0:11 | Investigar | Loom |
| 0:12 | Crear | Villager (Male) |
| 0:12 | Crear | Villager (Male) |
| 0:12 | Crear | Villager (Male) |
| 0:13 | Crear | Villager (Male) |
| 0:13 | Crear | Villager (Male) |
| 1:00 | Construir | Lumber Camp |
Build order — LeFab
13 acciones detectadas en el replay
| 0:01 | Crear | Villager (Male) |
| 0:01 | Crear | Villager (Male) |
| 0:02 | Crear | Villager (Male) |
| 0:05 | Investigar | Loom |
| 0:06 | Crear | Villager (Male) |
| 0:07 | Construir | House |
| 0:10 | Construir | House |
| 0:12 | Construir | House |
| 0:25 | Crear | Villager (Male) |
| 0:26 | Crear | Villager (Male) |
| 0:26 | Crear | Villager (Male) |
| 0:26 | Crear | Villager (Male) |
| 1:15 | Construir | Lumber Camp |
Build order — AHMED AZAB
8 acciones detectadas en el replay
| 0:04 | Crear | Villager (Male) ×4 |
| 0:04 | Crear | Villager (Male) ×4 |
| 0:09 | Construir | House |
| 0:16 | Construir | House |
| 0:41 | Construir | House |
| 1:38 | Crear | Villager (Male) |
| 1:51 | Construir | Mill |
| 2:17 | Crear | Villager (Male) |
Build order — CTM | KLIN
4 acciones detectadas en el replay
| 0:05 | Construir | House |
| 0:05 | Crear | Villager (Male) |
| 0:06 | Crear | Villager (Male) |
| 0:09 | Construir | House |
Build order — Abdelrhman
14 acciones detectadas en el replay
| 0:04 | Crear | Villager (Male) |
| 0:04 | Crear | Villager (Male) |
| 0:04 | Crear | Villager (Male) |
| 0:07 | Construir | House |
| 0:11 | Construir | House |
| 0:16 | Investigar | Loom |
| 0:17 | Crear | Villager (Male) |
| 0:17 | Crear | Villager (Male) |
| 0:17 | Crear | Villager (Male) |
| 0:47 | Crear | Villager (Male) |
| 0:47 | Crear | Villager (Male) |
| 1:40 | Construir | Lumber Camp |
| 1:44 | Crear | Villager (Male) |
| 1:44 | Crear | Villager (Male) |
Build order — Axila, el Turro
14 acciones detectadas en el replay
| 0:03 | Crear | Villager (Male) |
| 0:03 | Crear | Villager (Male) |
| 0:04 | Crear | Villager (Male) |
| 0:07 | Construir | House |
| 0:10 | Investigar | Loom |
| 0:13 | Construir | House |
| 0:22 | Crear | Villager (Male) |
| 0:23 | Crear | Villager (Male) |
| 0:23 | Crear | Villager (Male) |
| 1:05 | Crear | Villager (Male) |
| 1:05 | Crear | Villager (Male) |
| 1:06 | Crear | Villager (Male) |
| 1:33 | Construir | Lumber Camp |
| 1:39 | Crear | Villager (Male) |
Build order — Watermelon
19 acciones detectadas en el replay
| 0:05 | Construir | House |
| 0:07 | Construir | House |
| 0:11 | Crear | Villager (Male) |
| 0:11 | Crear | Villager (Male) |
| 0:12 | Crear | Villager (Male) |
| 0:15 | Investigar | Loom |
| 0:15 | Crear | Villager (Male) |
| 0:15 | Crear | Villager (Male) |
| 0:21 | Crear | Villager (Male) |
| 0:21 | Crear | Villager (Male) |
| 0:27 | Crear | Villager (Male) |
| 0:30 | Crear | Villager (Male) |
| 1:12 | Crear | Villager (Male) |
| 1:45 | Construir | Lumber Camp |
| 1:48 | Crear | Villager (Male) |
| 1:53 | Crear | Villager (Male) |
| 1:53 | Crear | Villager (Male) |
| 1:53 | Crear | Villager (Male) |
| 2:11 | Crear | Villager (Male) |
Cronología de la partida
| 1:12 | CTM | KLIN · resign |
[ ANÁLISIS IA · 1 CRÉDITO ]
¿Qué pasó realmente en esta partida?
Wolo.gg analiza cada decisión: build order, eco, micro, errores típicos por bracket. Análisis personalizado por WhatsApp o Discord en 30 segundos.
Guía civ
Bereberes
Perfil
Jugador #7501780